 Dungeon Crawl Stone Soup version 0.28.0 (webtiles) character file.

Game seed: 3393493927723125563

11 cayde69 the Shield-Bearer (level 2, 29/29 HPs)
             Began as a Gnoll Fighter on Feb 7, 2022.
             Was a Follower of Trog.
             Quit the game on level 1 of the Dungeon.
             The game lasted 00:00:42 (508 turns).

cayde69 the Shield-Bearer (Gnoll Fighter)            Turns: 508, Time: 00:00:42

Health: 29/29      AC:  7    Str: 15    XL:     2   Next: 29%
Magic:  2/2        EV:  9    Int:  7    God:    Trog [*.....]
Gold:   31         SH:  5    Dex: 11    Spells: 1/1 levels left

rFire   . . .      SeeInvis .   a - +0 long sword
rCold   . . .      Faith    .   c - +0 buckler
rNeg    . . .      Spirit   .   b - +0 scale mail
rPois   .          Reflect  .   (no helmet)
rElec   .          Harm     .   (no cloak)
rCorr   .          Rampage  .   (no gloves)
Will    .....                   (no boots)
Stlth   ..........              (no amulet)
HPRegen 0.09/turn               (no ring)
MPRegen 0.08/turn               (no ring)

@: no status effects
A: fangs 1, strong nose, distributed training
a: Renounce Religion, Berserk


You were on level 1 of the Dungeon.
You worshipped Trog.
Trog was aware of your devotion.
You visited 1 branch of the dungeon, and saw 1 of its levels.

You collected 31 gold pieces.

Inventory:

Hand Weapons
 a - a +0 long sword (weapon)
Missiles
 g - 3 stones (quivered)
Armour
 b - a +0 scale mail (worn)
 c - a +0 buckler (worn)
Scrolls
 e - a scroll of identify {unknown}
 f - a scroll of amnesia {unknown}
Potions
 d - a potion of might


   Skills:
 + Level 6.4 Fighting
 + Level 0.3 Short Blades
 + Level 4.4 Long Blades
 + Level 0.3 Axes
 + Level 0.3 Maces & Flails
 + Level 0.3 Polearms
 + Level 0.3 Staves
 + Level 0.3 Slings
 + Level 0.3 Bows
 + Level 0.3 Crossbows
 + Level 0.3 Throwing
 + Level 6.4 Armour
 + Level 0.3 Dodging
 + Level 0.3 Stealth
 + Level 6.4 Shields
 + Level 0.3 Unarmed Combat
 + Level 0.3 Spellcasting
 + Level 0.2 Conjurations
 + Level 0.2 Hexes
 + Level 0.2 Summonings
 + Level 0.2 Necromancy
 + Level 0.2 Translocations
 + Level 0.2 Transmutations
 + Level 0.2 Fire Magic
 + Level 0.2 Ice Magic
 + Level 0.2 Air Magic
 + Level 0.2 Earth Magic
 + Level 0.2 Poison Magic
 + Level 0.4 Invocations
 + Level 0.3 Evocations


You had one spell level left.
You didn't know any spells.
Your spell library was empty.

Dungeon Overview and Level Annotations

Branches:
Dungeon (1/15)

Altars:
Trog


Innate Abilities, Weirdness & Mutations

You have very sharp teeth.
Your uncanny sense of smell can sniff out nearby items.
Your experience applies equally to all skills.


Message History

A hobgoblin comes into view.
The hobgoblin shouts!
You hit the hobgoblin. Your bite misses the hobgoblin.
The hobgoblin is almost dead.
The hobgoblin hits you. x2
A hobgoblin is nearby!
You hit the hobgoblin.
You kill the hobgoblin!
A giant cockroach comes into view.
You block the giant cockroach's attack.
You slash the giant cockroach!
You kill the giant cockroach!
No target in view!
No target in view!
You see here a bat corpse.
There is a faded altar of an unknown god here.
You cannot tell which god this altar belongs to.
Convert to them anyway?
Trog accepts your prayer! Trog welcomes you!
You can now go berserk at will.
No target in view!
You see here a bat corpse.
Found a leather armour.
You now have 31 gold pieces (gained 13).
A quokka comes into view.
Unknown command.
Unknown command.
You hit the quokka.
The quokka is almost dead.
The quokka bites you but does no damage.
You hit the quokka but do no damage.
The quokka is almost dead.
The quokka bites you but does no damage.
You block the quokka's attack.
You hit the quokka.
You kill the quokka!
Trog accepts your kill.
No target in view!
No target in view!
Are you sure you want to abandon this character and quit the game? (Confirm with "yes".)

#. #.#
#.##.##.#.##........#
#. #.#
#.##.##....#.........
#.#
#.##.##..............
..#
#.##.#..............#
###
#.##................#
#.##.........#....#.#
#...........##.#.##.#
######......### ##
#.. #...†@........
### ....####......##
. ##..#.#.# .##.# .
.. . .## . .. ∆


There were no monsters in sight!

Vanquished Creatures
  A ball python (D:1)
  A giant cockroach (D:1)
  A hobgoblin (D:1)
  4 jackals (D:1)
  A quokka (D:1)
  A bat (D:1)
9 creatures vanquished.

Notes
Turn   | Place    | Note
-------+----------+-------------------------------------------
     0 | D:1      | cayde69 the Gnoll Fighter began the quest for the Orb.
     0 | D:1      | Reached XP level 1. HP: 23/23 MP: 1/1
   341 | D:1      | Reached XP level 2. HP: 27/29 MP: 2/2
   359 | D:1      | Found a faded altar of an unknown god.
   444 | D:1      | Prayed at the altar of an unknown god.
   444 | D:1      | Became a worshipper of Trog the Wrathful
   444 | D:1      | Reached * piety under Trog
   508 | D:1      | Quit the game

Illustrated notes

Levels and vault maps discovered:
D:1:      minmay_arrival_hallway, layout_loops_ring, basic_ecumenical_altar

Action                   || total
-------------------------++-------
Melee: Long sword        ||    26
       Bite              ||     1
Armor: Scale mail        ||    19
Dodge: Dodged            ||    12
Block: Buckler           ||     9
